 Dungeon Crawl Stone Soup version 0.29.1-15-g9cfb28693d (webtiles) character file.

Game seed: 16495753036235353262

60 Heoruswealwe the Magician (level 3, -8/19 HPs)
             Began as a Deep Elf Earth Elementalist on Mar 25, 2023.
             Killed by nerve-wracking pain
             ... invoked by an orc priest
              (10 damage)
             ... on level 2 of the Dungeon.
             The game lasted 00:09:52 (1067 turns).

Heoruswealwe the Magician (DEEE)                    Turns: 1067, Time: 00:09:53

Health: -8/19      AC:  2    Str:  5    XL:     3   Next: 82%
Magic:  6/10       EV: 12    Int: 21    God:
Gold:   60         SH:  0    Dex: 15    Spells: 7/10 levels left

rFire   . . .      SeeInvis .   (no weapon)
rCold   . . .      Faith    .   (no shield)
rNeg    . . .      Spirit   .   a - +0 robe
rPois   .          Reflect  .   (no helmet)
rElec   .          Harm     .   (no cloak)
rCorr   .          Rampage  .   (no gloves)
Will    .....                   (no boots)
Stlth   ++........              (no amulet)
HPRegen 0.06/turn               (no ring)
MPRegen 0.12/turn               (no ring)

@: no status effects
A: no striking features
a: no special abilities


You were on level 2 of the Dungeon.
You visited 1 branch of the dungeon, and saw 2 of its levels.

You collected 60 gold pieces.

Inventory:

Armour
 a - a +0 robe (worn)
Scrolls
 c - a scroll of fear {unknown}
 d - a scroll of immolation {unknown}
 f - a scroll of amnesia {unknown}
 g - a scroll of vulnerability {unknown}
 h - 4 scrolls of fog {unknown}
 i - a scroll of teleportation {unknown}
Potions
 b - a potion of magic
 e - a potion of lignification {unknown}


   Skills:
 - Level 2.4 Dodging
 - Level 2.4 Stealth
 * Level 4.3 Spellcasting
 + Level 2.0 Transmutations
 * Level 4.2 Earth Magic


You had 7 spell levels left.
You knew the following spells:

 Your Spells              Type           Power      Damage    Failure   Level
a - Sandblast             Erth           44%        2d11      1%          1
z - Passwall              Tmut/Erth      14%        N/A       4%          2

Your spell library contained the following spells:

 Spells                   Type           Power      Damage    Failure   Level
 Stone Arrow              Conj/Erth      26%        3d8       14%         3
 Petrify                  Tmut/Erth      17%        N/A       32%         4


Dungeon Overview and Level Annotations

Branches:
Dungeon (2/15)

Altars:


Message History

h - 4 scrolls labelled DUMEVEUNUY (gained 3)
You open the door.
i - a scroll labelled XASOFU WYMI You now have 60 gold pieces (gained 13).
An adder comes into view.
You can't see any susceptible monsters within range! (Use Z to cast anyway.)
The blast of sand hits the adder.
The adder is moderately wounded.
The adder hisses angrily.
The blast of sand hits the adder!
You kill the adder!
Your Transmutations skill increases to level 2!
You see here an adder corpse.
You see here an adder corpse.
An orc comes into view. It is wielding a +0 dagger.
Found 8 gold pieces.
An orc priest comes into view. It is wielding a +0 club.
You can't see any susceptible monsters within range! (Use Z to cast anyway.)
Found a scroll labelled VEXAUC WINIYXT.
The blast of sand misses the orc.
The orc priest shouts!
An orc comes into view. It is wielding a +0 club.
The blast of sand hits the orc but does no damage.
The orc priest invokes the aid of Beogh against you.
Beogh smites you!
Ouch! That really hurt!
* * * LOW HITPOINT WARNING * * *
You are too injured to fight recklessly!
Casting: Sandblast (safe; 1% risk of failure)
Confirm with . or Enter, or press ? or * to list all spells.
Aiming: Sandblast (safe; 1% risk of failure)
Press: ? - help, Shift-Dir - straight line, f/p - orc
Aim: an orc, wielding a +0 dagger and wearing a +0 scale mail (85% to hit)
The blast of sand hits the orc but does no damage.
A giant cockroach comes into view.
The orc hits you but does no damage.
The orc priest calls down the wrath of Beogh upon you.
Pain shoots through your body!
Ouch! That really hurt!
You die...

##### # ##### #...###
?.. #...# #.....#
.....#####...#####.....#
B..o...@..............<#
.......o.^.............'
.....######.#.####.....#
..$. #..†.........# ...
###.###.#..... ##
#...###.#.###.
#.......#.# #.
#########.# ## #.


You could see an orc priest, an orc and a giant cockroach.

Vanquished Creatures
  2 adders (D:2)
  6 endoplasms
  A giant cockroach (D:2)
  4 goblins
  2 hobgoblins
  9 jackals
  4 quokkas
  3 ball pythons (D:1)
  4 frilled lizards (D:1)
  2 kobolds
37 creatures vanquished.

Notes
Turn   | Place    | Note
-------+----------+-------------------------------------------
     0 | D:1      | Heoruswealwe the Deep Elf Earth Elementalist began the
                  | quest for the Orb.
     0 | D:1      | Reached XP level 1. HP: 10/10 MP: 6/6
   364 | D:1      | Reached XP level 2. HP: 15/15 MP: 6/8
   912 | D:1      | Learned a level 2 spell: Passwall
   916 | D:2      | Reached XP level 3. HP: 17/19 MP: 7/10
  1067 | D:2      | Killed from afar by an orc priest

Illustrated notes

Levels and vault maps discovered:
D:1:      arrival_zaba_pyramid, layout_basic
D:2:      layout_basic, chequers_serial_rivers_large_a

Skill      XL: |  1  2  3 |
---------------+----------+-----
Spellcasting   | 4 |  4.3
Earth Magic    | 4 |  4.2
Transmutations | 2 |  2.0
Dodging        | |  2.4
Stealth        | |  2.4

Action                   || total
-------------------------++-------
 Cast: Sandblast         ||    52
Armor: Robe              ||     3
Dodge: Dodged            ||     8
